AoeStats
← WindedTerror896

Fortress

508808864Analyzed
2v2 RM · 9d ago on Sep 24, 2026· 39m 6s· 4 players
Game mode
Random Map
Map size
Normal (6 player)
Population
200
Speed
Normal
Resources
Standard
Victory
Conquest
Starting age
Dark Age
Ending age
Imperial Age
RankedLock teamsTeams togetherTeam positionsShared explorationLock speedFull tech treeHidden civsTurbo modeCheats
Victory
Defeat
🇹🇼 Malians · Taiwan
922
+19
🇲🇽 Malians · Mexico
921
+19
🇲🇽 Varangians · Mexico
988
-19
🇲🇽 Danes · Mexico
984
-19
Ali
8:23 Feudal Age
9:52 Man-at-Arms
10:32 Horse Collar
14:57 Double-Bit Axe
15:50 Arson
18:28 Castle Age
16:30 Gold Mining
17:36 Forging
17:27 Scale Mail Armor
17:24 Stone Mining
20:05 Iron Casting
20:22 Chain Mail Armor
21:03 Gold Shaft Mining
21:14 Stone Shaft Mining
21:01 Long Swordsman
31:46 Imperial Age
29:58 Wheelbarrow
31:48 Fletching
31:58 Padded Archer Armor
32:04 Squires
32:15 Murder Holes
32:41 Ballistics
32:28 Bodkin Arrow
33:04 Plate Mail Armor
33:03 Conscription
33:29 Bow Saw
34:14 Heavy Plow
35:26 Crop Rotation
37:06 Chemistry
36:39 Hand Cart
37:48 Farimba
37:57 Heavy Camel Rider
38:00 Cavalier
38:40 Husbandry
38:51 Bloodlines
38:47 Husbandry
39:02 Bloodlines
39:44 Scale Barding Armor
39:55 Leather Archer Armor
qvbcheng
8:33 Feudal Age
12:29 Castle Age
10:31 Double-Bit Axe
10:31 Horse Collar
11:18 Gold Mining
12:12 Forging
12:25 Scale Mail Armor
13:26 Bow Saw
15:59 Heavy Plow
19:24 Chain Mail Armor
29:27 Wheelbarrow
30:01 Fletching
33:37 Imperial Age
31:52 Scale Barding Armor
32:23 Iron Casting
32:49 Gold Shaft Mining
32:45 Bloodlines
32:44 Husbandry
33:34 Chain Barding Armor
34:01 Cavalier
35:44 Conscription
36:42 Farimba
37:39 Plate Barding Armor
38:40 Crop Rotation
[Rockas] Querola
1:12 Loom
7:30 Feudal Age
8:53 Double-Bit Axe
8:53 Horse Collar
12:53 Castle Age
12:28 Scale Barding Armor
12:51 Forging
14:22 Husbandry
14:22 Fletching
15:26 Bloodlines
19:07 Heavy Plow
22:07 Town Watch
26:02 Wheelbarrow
31:00 Iron Casting
30:46 Chain Barding Armor
30:16 Light Cavalry
31:03 Gold Mining
31:05 Stone Mining
33:23 Hand Cart
37:14 Imperial Age
37:27 Cavalier
WindedTerror896
6:43 Feudal Age
7:59 Wheelbarrow
7:13 Double-Bit Axe
7:20 Gold Mining
7:13 Horse Collar
12:08 Scale Mail Armor
12:19 Forging
14:48 Castle Age
12:52 Arson
15:43 Heavy Plow
15:54 Bow Saw
16:53 Gold Shaft Mining
18:49 Hand Cart
22:04 Man-at-Arms
22:31 Gambesons
23:10 Long Swordsman
25:44 Chain Mail Armor
35:31 Town Watch
39:38 Imperial Age
37:09 Stone Mining
39:03 Stone Shaft Mining
Connection lost

Rejoining the realm…

Still unreachable

The connection could not be restored.

Session expired

The server has moved on; the page needs a fresh start.